 Dungeon Crawl Stone Soup version 0.21-a0-372-gd0ff781 (webtiles) character file.

533330 4thArraOfDagon the Severer (level 24, -1/182 HPs)
             Began as a Mummy Enchanter on Oct 15, 2017.
             Was the Champion of Yredelemnul.
             Slain by an emperor scorpion (4 damage)
             ... summoned by a greater mummy
             ... on level 1 of the Tomb of the Ancients on Oct 16, 2017.
             The game lasted 04:20:44 (42664 turns).

4thArraOfDagon the Severer (Mummy Enchanter)       Turns: 42664, Time: 04:20:45

Health: -1/182     AC: 30    Str: 13    XL:     24   Next: 49%
Magic:  36/48      EV:  9    Int: 26    God:    Yredelemnul [******]
Gold:   6980       SH:  0    Dex: 13    Spells: 16/47 levels left

rFire    . . .     SeeInvis .   T - +7 battleaxe (vamp)
rCold    + . .     Gourm    .   (shield currently unavailable)
rNeg     + + +     Faith    .   n - +5 plate armour "Liraupn" {Slay+3}
rPois    ∞         Spirit   .   a - +0 hat "Uddymig" {rF+}
rElec    +         Reflect  .   W - scarf {repulsion}
rCorr    .         Harm     .   u - +2 pair of gloves
MR       +++..                  I - +2 pair of boots {run}
Stlth    ..........             o - amulet of regeneration
HPRegen  0.80/turn              S - ring of the Mutiny {+Blink rElec MP+9 Int+3 Slay+2}
MPRegen  0.31/turn              Y - ring of Shadows {Umbra +Inv Stlth+}

@: about to teleport, very slightly contaminated, wreathed by umbra, repel
missiles, quick
A: no food or potions, fire vulnerability, cold resistance 1, negative energy
resistance 3, torment resistance, unbreathing, in touch with death 1
}: 3/15 runes: decaying, silver, gossamer
a: Recall Undead Slaves, Injury Mirror, Animate Dead, Drain Life, Enslave Soul,
Renounce Religion, Evoke Blink, Evoke Invisibility


You were on level 1 of the Tomb of the Ancients.
You worshipped Yredelemnul.
Yredelemnul was exalted by your worship.
You were not hungry.

You visited 10 branches of the dungeon, and saw 48 of its levels.
You visited the Abyss 2 times.
You also visited: Labyrinth, Ice Cave and Wizlab.

You collected 8149 gold pieces.
You spent 1169 gold pieces at shops.

Inventory:

Hand Weapons
 g - the +6 scimitar of a treasure trove {venom, +Blink rF+ rC+ Dex+2}
   (You bought it in a shop on level 2 of the Orcish Mines)

   It poisons the flesh of those it strikes.
   It affects your dexterity (+2).
   It protects you from fire.
   It protects you from cold.
   It lets you blink.
 R - the +11 great mace of Death {crush, MR+ Str+3}
   (You found it on level 5 of the Vaults)

   It inflicts extra damage upon your enemies.
   It affects your strength (+3).
   It affects your resistance to hostile enchantments.
 T - a +7 vampiric battleaxe (weapon)
Armour
 a - the +0 hat "Uddymig" (worn) {rF+}
   (You found it on level 1 of the Orcish Mines)

   It protects you from fire.
 n - the +5 plate armour "Liraupn" (worn) {Slay+3}
   (You found it on level 3 of the Depths)

   It affects your accuracy and damage with ranged weapons and melee attacks
   (+3).
 u - a +2 pair of gloves (worn)
 w - the +0 hat "Nidoigh" {+Inv rElec}
   (You found it on level 2 of the Lair of Beasts)

   It insulates you from electricity.
   It lets you turn invisible.
 A - the +3 warlock's mirror {reflect}
   (You acquired it on level 1 of the Spider Nest)
 I - a +2 pair of boots of running (worn)
 V - a +4 troll leather armour
 W - a scarf of repulsion (worn)
Magical Staves
 C - an uncursed staff of energy {!a}
 D - an uncursed staff of earth
Jewellery
 b - an uncursed ring of see invisible
 c - the ring "Sic Te Mufov" {*Corrode rElec rC+ Dex+5}
   (You bought it in a shop on level 2 of the Elven Halls)

   [ring of protection from cold]

   It affects your dexterity (+5).
   It protects you from cold.
   It insulates you from electricity.
   It may corrode you when you take damage.
 e - a +4 ring of intelligence
 f - an uncursed ring of protection from magic
 l - an uncursed ring of ice
 o - an amulet of regeneration (around neck)
 y - an uncursed ring of protection from fire
 E - an uncursed ring of wizardry
 M - an uncursed ring of resist corrosion
 N - an uncursed ring of flight
 S - the ring of the Mutiny (left hand) {+Blink rElec MP+9 Int+3 Slay+2}
   (You took it off a deep elf archer on level 3 of the Elven Halls)

   [ring of magical power]

   It affects your intelligence (+3).
   It affects your accuracy and damage with ranged weapons and melee attacks
   (+2).
   It insulates you from electricity.
   It affects your magic capacity (+9).
   It lets you blink.
 Y - the ring of Shadows (right hand) {Umbra +Inv Stlth+}
   (You took it off a deep elf knight on level 3 of the Elven Halls)

   [ring of stealth]

   It lets you turn invisible.
   It makes you more stealthy.
 Z - an uncursed ring of protection from fire
Wands
 d - a wand of scattershot (2/9)
 m - a wand of digging (9/24)
 r - a wand of digging (10/24)
 B - a wand of acid (3/15)
 J - a wand of digging (10/24)
 O - a wand of iceblast (4/15)
Scrolls
 h - 9 scrolls of teleportation
 i - 3 scrolls of silence
 j - 9 scrolls of recharging
 k - 4 scrolls of magic mapping
 q - 7 scrolls of fear
 s - a scroll of summoning
 t - 4 scrolls of identify
 z - 3 scrolls of immolation
 F - 3 scrolls of enchant armour
 K - 11 scrolls of remove curse
 L - 5 scrolls of amnesia
 P - a scroll of blinking
 Q - 4 scrolls of fog
Books
 U - a book of Unlife

   Spells                             Type                      Level
   a - Recall                         Summoning/Translocation      3
   b - Animate Dead                   Necromancy                   4
   c - Control Undead                 Necromancy                   4
   d - Cigotuvi's Embrace             Necromancy                   5
   e - Death Channel                  Necromancy                   6
   f - Simulacrum                     Ice/Necromancy               6
Miscellaneous
 p - a lamp of fire (inert)
 v - 3 phantom mirrors
 x - 3 sacks of spiders
 G - a lightning rod (4/4)
 X - a fan of gales


   Skills:
 - Level 13.4 Fighting
   Level 3.1(5.5) Short Blades
 - Level 7.1(7.4) Long Blades
 - Level 20.0 Axes
 - Level 18.0 Armour
 - Level 12.1 Dodging
 - Level 2.4 Stealth
 - Level 12.4 Spellcasting
 - Level 3.6 Hexes
 - Level 1.7 Necromancy
 * Level 7.0 Translocations
 - Level 4.0 Transmutations
 - Level 13.0 Earth Magic
 - Level 15.2 Invocations
 - Level 6.2 Evocations


You had 16 spell levels left.
You knew the following spells:

 Your Spells              Type           Power        Failure   Level  Hunger
a - Corona                Hex            #####..      19%         1    N/A
b - Ensorcelled Hibernat  Hex/Ice        ####..       52%         2    N/A
c - Confuse               Hex            #####...     50%         3    N/A
d - Tukima's Dance        Hex            #####...     50%         3    N/A
e - Blink                 Tloc           N/A          7%          2    N/A
f - Lesser Beckoning      Tloc           ######....   14%         3    N/A
g - Passage of Golubria   Tloc           N/A          41%         4    N/A
h - Passwall              Tmut/Erth      ######....   3%          2    N/A
i - Lee's Rapid Deconstr  Erth           ######....   11%         5    N/A
j - Swiftness             Chrm/Air       ###.....     77%         2    N/A
k - Control Undead        Necr           #####.....   99%         4    N/A

Dungeon Overview and Level Annotations

Branches:
Dungeon (15/15)            Temple (0/1) D:4            Lair (6/6) D:10
  Swamp (4/4) Lair:2       Spider (4/4) Lair:3        Slime (0/5) Lair:6
    Orc (2/2) D:10            Elf (3/3) Orc:2        Vaults (5/5) D:13
  Crypt (3/3) Vaults:2       Tomb (1/3) Crypt:3      Depths (5/5) D:15
    Zot: Depths:5

Altars:
Cheibriados
Dithmenos
Gozag
Hepliaklqana
Kikubaaqudgha
Nemelex Xobeh
Qazlal
Sif Muna
Trog
Vehumet
Wu Jian
Yredelemnul
Zin
Jiyva

Shops:
D:4 !   Orc:2 %!}(:   Elf:2 }=}   Elf:3 !   Vaults:3 [

Portals:
Hell: Depths:2 Depths:3 Depths:4
Abyss: Depths:2
Pandemonium: Depths:3
Ziggurat: Depths:1

Annotations:
D:3 Sigmund
D:7 Prince Ribbit
D:11 Urug
Elf:2 3 runed doors
Crypt:1 Jory


Innate Abilities, Weirdness & Mutations

You do not eat or drink.
Your flesh is vulnerable to fire.
You are immune to poison.
Your flesh is cold resistant. (rC+)
You are immune to negative energy. (rN+++)
You are immune to unholy pain and torment.
You can survive without breathing.
You are in touch with the powers of death.


Message History

The emperor scorpion is lightly wounded.
The emperor scorpion stings you but does no damage.
The emperor scorpion claws you.
* * * LOW HITPOINT WARNING * * *
The emperor scorpion claws you but does no damage.
Unknown command.
Evoke which item? (* to show all) (? for menu, Esc to quit)
Okay, then.
You draw life from your surroundings.
You draw life from the emperor scorpion.
The emperor scorpion is moderately wounded.
You draw life from the emperor scorpion.
The emperor scorpion is severely wounded.
You draw life from the emperor scorpion.
The emperor scorpion is moderately wounded.
The greater mummy casts a spell.
The emperor scorpion stings you but does no damage.
The emperor scorpion claws you.
You die...
Yredelemnul claims you as an undead slave.

## ##### #.# #.#@# #.#
##s## #.###s## #.#M##
#s##
####.###################
#.......................
#.......................
#.......................


You could see a greater mummy and 3 emperor scorpions.

Vanquished Creatures
  A juggernaut (Depths:4)
  An ancient lich (Crypt:3)
  2 greater mummies (Tomb:1)
  Sojobo (Vaults:4)
  A bone dragon (Crypt:3)
  A Cloud Mage (WizLab)
  Jorgrun (Depths:5)
  An Ice Fiend (IceCv)
  2 tentacled monstrosities
  3 liches
  A deep elf master archer (Elf:3)
  3 titans
  A quicksilver dragon (Depths:3)
  4 tentacled starspawn (Abyss:2)
  3 sphinxes
  A thorn hunter (Swamp:4)
  5 tengu reavers
  Donald (Spider:3)
  2 storm dragons
  Agnes (D:14)
  2 shadow dragons (Vaults:5)
  6 fire giants
  A revenant (Crypt:3)
  An iron dragon (Vaults:5)
  18 vault wardens
  7 frost giants
  2 deep elf sorcerers (Vaults:5)
  A curse skull (Crypt:3)
  7 ghouls (Crypt:2)
  3 ghost moths
  3 emperor scorpions
  A ghost moth (shapeshifter) (Depths:4)
  3 war gargoyles
  12 ironheart preservers
  A spriggan defender (Depths:3)
  16 stone giants
  28 very ugly things
  4 vampire knights
  3 deep elf annihilators
  Snorg (D:10)
  2 green deaths
  4 mummy priests (Tomb:1)
  A merfolk javelineer (Depths:2)
  3 deep elf death magi
  7 fire dragons
  An eidolon (Crypt:2)
  4 ettins
  A minotaur (shapeshifter) (Vaults:5)
  A quicksilver dragon zombie (Crypt:3)
  5 deep elf high priests
  A great orb of eyes (shapeshifter) (Depths:1)
  31 vault guards
  15 yaktaur captains
  A minotaur (Lab)
  2 jiangshi (Crypt:2)
  7 ogre magi
  8 great orbs of eyes
  6 ice dragons
  5 spriggan air magi
  15 hydras
  4 rakshasas
  7 centaur warriors
  A death yak (D:10)
  3 dancing weapons
  A satyr (shapeshifter) (Vaults:5)
  28 two-headed ogres
  9 death scarabs (Tomb:1)
  3 tengu warriors
  A thrashing horror (Abyss:2)
  2 death knights (Vaults:4)
  5 alligators
  3 vampire magi
  5 deep troll shamans
  5 deep troll earth magi
  12 deep elf knights
  A soul eater (Depths:1)
  3 shadow wraiths
  13 skeletal warriors
  A storm dragon skeleton (Crypt:3)
  An iron troll (Depths:5)
  A spatial maelstrom (Abyss:2)
  A death drake (shapeshifter) (Vaults:2)
  A spriggan druid (Swamp:3)
  3 glowing orange brains
  An unseen horror (Vaults:1)
  6 swamp dragons
  A shambling mangrove (Swamp:4)
  2 flayed ghosts
  19 deep trolls
  2 wizards (Vaults:2)
  6 deep elf archers
  14 ironbrand convokers
  A wolf spider zombie (D:15)
  12 orc knights
  2 phantasmal warriors
  A necromancer (Vaults:2)
  An orb spider (Spider:3)
  Pikel (D:7)
  35 ugly things
  A shadow dragon skeleton (Crypt:3)
  2 orc sorcerers (Vaults:1)
  23 deep elf magi
  2 moths of wrath
  11 wolf spiders
  A frost giant zombie (Crypt:2)
  8 cyclopes
  2 cyclopes (shapeshifter)
  A frost giant skeleton (Crypt:3)
  A guardian serpent (Abyss:2)
  A naga mage (Abyss:2)
  7 fire giant skeletons (Crypt:3)
  An eye of devastation (shapeshifter) (Vaults:5)
  4 elephants
  10 vault sentinels
  A guardian serpent (shapeshifter) (Vaults:1)
  An ice statue (IceCv)
  2 smoke demons (Abyss:2)
  An apocalypse crab (Abyss:2)
  4 black mambas
  6 spiny frogs
  4 gargoyles (Crypt:3)
  3 orange demons (Abyss:2)
  2 human zombies
  A shock serpent skeleton (Crypt:1)
  An efreet (Abyss:2)
  2 rime drakes
  2 ice devils (IceCv)
  2 komodo dragons (Lair:6)
  11 freezing wraiths
  A yaktaur (shapeshifter) (Vaults:4)
  55 yaktaurs
  4 anaconda simulacra (IceCv)
  8 demonic crawlers
  4 tengu conjurers
  3 guardian mummies
  A harpy zombie (D:15)
  7 large abominations
  19 hornets
  A sea snake skeleton (Crypt:2)
  6 tyrant leeches
  A queen bee (Depths:3)
  12 jumping spiders
  8 wind drakes (WizLab)
  4 trolls
  29 slime creatures
  7 bog bodies
  8 raiju (Abyss:2)
  A blink frog (shapeshifter) (Vaults:2)
  5 dream sheep
  3 hippogriffs
  9 blink frogs
  5 fire dragon skeletons (Crypt:3)
  3 ettin skeletons
  6 flying skulls (Tomb:1)
  24 air elementals
  28 redbacks
  2 tarantellas (shapeshifter) (Vaults:2)
  A redback (shapeshifter) (Depths:2)
  3 shadows
  2 wyverns
  2 ushabtiu (Tomb:1)
  A vampire (D:14)
  7 water elementals
  4 fire bats (Depths:3)
  16 tarantellas
  2 wraiths (Crypt:3)
  A basilisk (D:14)
  A yak (shapeshifter) (Depths:5)
  2 spriggans
  15 yaks
  A hog (shapeshifter) (Depths:1)
  A steam dragon (shapeshifter) (Vaults:2)
  3 fire elementals
  10 vampire mosquitoes
  A yaktaur simulacrum (Vaults:1)
  A chaos spawn (Depths:1)
  A hungry ghost (D:10)
  2 neqoxecs (Abyss:2)
  2 human simulacra
  An iron troll simulacrum (IceCv)
  14 insubstantial wisps
  A naga (shapeshifter) (Vaults:5)
  2 wargs (Vaults:1)
  A soldier ant (D:15)
  7 swamp worms
  3 acid dragons
  3 nagas (Abyss:2)
  An orb spider zombie (Spider:3)
  A hydra simulacrum (IceCv)
  Duvessa (D:7)
  2 porcupines
  10 water moccasins
  A floating eye (shapeshifter) (Vaults:4)
  6 swamp drakes
  24 orc warriors
  5 phantoms
  A sky beast (D:7)
  A slave (D:7)
  2 ice beasts
  An alligator simulacrum (IceCv)
  8 boggarts
  25 ogres
  6 wolves
  A manticore skeleton (Crypt:3)
  2 snapping turtle skeletons
  14 centaurs
  7 small abominations
  6 crocodiles
  3 big kobolds
  2 earth elementals
  11 bullfrogs
  A wyvern skeleton (D:15)
  Dowan (D:7)
  A hornet simulacrum (D:15)
  A water moccasin skeleton (D:7)
  2 scorpions
  An elephant simulacrum (IceCv)
  24 killer bees
  4 wights (D:10)
  3 electric eels
  A howler monkey (D:8)
  5 crimson imps
  A lava snake (Lair:3)
  A wolf skeleton (Crypt:2)
  A quasit (Abyss:2)
  4 draconian simulacra (IceCv)
  17 orc priests
  4 centaur skeletons
  8 centaur zombies
  7 hounds
  Crazy Yiuf (D:5)
  2 jellies
  A bullfrog skeleton (D:9)
  13 hell rats
  4 iguanas
  21 orc wizards
  8 worker ants
  A spriggan simulacrum (IceCv)
  A troll simulacrum (IceCv)
  A killer bee zombie (D:11)
  A wolf simulacrum (IceCv)
  A big kobold zombie (D:10)
  3 centaur simulacra (IceCv)
  A hound skeleton (D:4)
  10 mummies
  10 adders
  A gnoll (D:4)
  2 ogre simulacra (IceCv)
  11 river rats
  3 naga simulacra (IceCv)
  2 shadow imps
  6 white imps (IceCv)
  5 ufetubi
  An iguana zombie (D:11)
  An ooze (Lair:6)
  2 adder skeletons
  An adder zombie (D:8)
  2 worms
  A dart slug (D:3)
  3 leopard geckos
  78 orcs
  A ball python (D:3)
  9 bats
  9 giant cockroaches
  8 goblins
  12 hobgoblins
  15 jackals
  6 kobolds
  10 quokkas
  3 frilled lizards
  A jackal skeleton (D:3)
  An orc zombie (D:11)
  A quokka skeleton (D:5)
  24 rats
  A fungus (Lair:4)
  A starspawn tentacle (Abyss:2)
  2 withered plants (Crypt:3)
1517 creatures vanquished.

Vanquished Creatures (collateral kills)
  An ancient lich (Vaults:5)
  A juggernaut (Depths:3)
  A large abomination (Vaults:5)
  Bai Suzhen (Vaults:2)
  Xtahua (Depths:3)
  A caustic shrike (Depths:3)
  The ghost of 4thArraOfDagon the Impaler, a veteran GnMo of the Shining One (Tomb:1)
  Nikola (Elf:3)
  A golden dragon (Depths:3)
  Arachne (Spider:3)
  3 tentacled monstrosities
  Rupert (D:13)
  2 deep elf blademasters (Elf:3)
  7 liches
  3 deep elf master archers (Elf:3)
  2 thorn hunters
  6 sphinxes
  3 tengu reavers
  4 shadow dragons
  3 storm dragons
  6 frost giants
  The ghost of arkorax the Severer, a journeyman MiWr of the Shining One (Depths:2)
  5 fire giants
  2 ghost moths (Spider:4)
  2 vault wardens (Vaults:5)
  Aizul (Swamp:2)
  2 emperor scorpions
  3 deep elf sorcerers (Elf:3)
  A reaper (Depths:1)
  A curse skull (Crypt:2)
  8 ghouls
  8 deep elf elementalists
  6 stone giants
  3 war gargoyles
  3 ironheart preservers
  6 very ugly things
  2 spriggan defenders
  3 entropy weavers
  6 deep elf demonologists
  5 deep elf annihilators
  2 spark wasps (Spider:4)
  A deep elf death mage (Elf:2)
  4 fire dragons
  5 ettins
  A great orb of eyes (Depths:3)
  3 mummy priests (Tomb:1)
  A jiangshi (Crypt:2)
  2 eidola
  14 vault guards
  3 yaktaur captains
  4 deep elf high priests (Elf:3)
  4 ice dragons
  2 rakshasas
  3 spriggan air magi
  14 hydras
  32 two-headed ogres
  5 centaur warriors
  3 alligators
  A death knight (Vaults:2)
  8 ogre magi
  13 death scarabs (Tomb:1)
  5 death yaks
  A deep troll shaman (Depths:4)
  2 tengu warriors
  5 deep troll earth magi
  4 orc high priests
  6 spriggan berserkers
  3 vampire magi
  7 dancing weapons
  15 deep elf knights
  2 soul eaters (Crypt:2)
  A spriggan (Depths:4)
  11 skeletal warriors
  A hell knight (Depths:2)
  3 iron trolls
  An unseen horror (shapeshifter) (Vaults:5)
  2 glowing orange brains (Depths:4)
  7 deep trolls
  An unseen horror (Depths:1)
  12 deep elf archers
  2 flayed ghosts
  8 swamp dragons
  An ironbrand convoker (Vaults:2)
  5 phantasmal warriors
  3 lindwurms (Lair:6)
  4 orc knights
  An orc sorcerer (Orc:2)
  8 orb spiders
  6 ugly things
  35 deep elf magi
  12 wolf spiders
  A manticore (D:14)
  4 oklob plants (Lair:6)
  2 cyclopes
  A centaur zombie (D:14)
  A stone giant skeleton (Crypt:3)
  A moth of wrath (Spider:2)
  An elephant (Lair:5)
  2 black mambas
  An iron dragon skeleton (Crypt:2)
  A torpor snail (Lair:3)
  A molten gargoyle (Lair:3)
  6 spiny frogs
  4 fire giant skeletons
  2 dire elephant skeletons
  7 yaktaurs
  2 gargoyles
  2 redback zombies (Spider:4)
  3 anaconda simulacra (IceCv)
  3 rime drakes
  6 demonic crawlers
  6 komodo dragons
  An efreet (D:14)
  3 freezing wraiths
  5 guardian mummies
  2 ice devils (IceCv)
  5 trolls
  A queen bee (shapeshifter) (Elf:3)
  A purple draconian skeleton (Crypt:2)
  3 tengu conjurers (Depths:5)
  A jumping spider (shapeshifter) (Depths:4)
  15 jumping spiders
  A polar bear (shapeshifter) (Vaults:4)
  6 hornets
  10 blink frogs
  13 slime creatures
  A tyrant leech (Swamp:4)
  9 bog bodies
  3 dream sheep
  A hippogriff (shapeshifter) (Depths:1)
  3 flying skulls (Tomb:1)
  A hippogriff (Lair:6)
  2 fire dragon skeletons (Crypt:3)
  4 shadows
  A vampire (D:10)
  9 air elementals
  23 redbacks
  A tarantella (shapeshifter) (Depths:3)
  9 yaks
  18 tarantellas
  An ushabti (Tomb:1)
  3 wraiths
  7 water elementals
  A wyvern (D:14)
  2 basilisks (Lair:6)
  A hungry ghost (Crypt:3)
  2 steam dragons
  Grum (D:7)
  A harpy simulacrum (IceCv)
  A warg (Elf:1)
  5 vampire mosquitoes
  5 insubstantial wisps
  3 hydra simulacra (IceCv)
  A soldier ant (D:12)
  An acid dragon (D:12)
  11 water moccasins
  10 swamp worms
  A torturous demonspawn skeleton (Crypt:2)
  A porcupine (Lair:4)
  22 orc warriors
  A sky beast (D:7)
  7 swamp drakes
  2 ettin simulacra (IceCv)
  2 phantoms
  3 slaves
  A necrophage (Crypt:2)
  3 wolves
  36 ogres
  An eye of draining (D:14)
  A wolf (shapeshifter) (Vaults:2)
  A small abomination (Abyss:2)
  A snapping turtle skeleton (Tomb:1)
  7 centaurs
  6 crocodiles
  A hog skeleton (Crypt:2)
  2 big kobolds
  3 bullfrogs
  An octopode zombie (Crypt:2)
  A wyvern zombie (D:13)
  3 earth elementals (Elf:1)
  A killer bee (D:11)
  A howler monkey (D:13)
  5 electric eels
  2 crimson imps
  A basilisk zombie (Crypt:2)
  A quasit (D:14)
  A jelly (Lair:6)
  2 centaur skeletons
  2 orc priests
  3 hounds
  A hound (shapeshifter) (Depths:4)
  8 orc wizards
  A bullfrog skeleton (D:12)
  2 iguanas (Lair:6)
  A hell rat (D:10)
  2 troll simulacra (IceCv)
  2 worker ants (D:14)
  A spriggan simulacrum (IceCv)
  7 mummies
  2 gnolls (D:4)
  An adder (D:11)
  An ogre simulacrum (IceCv)
  5 river rats
  A white imp (IceCv)
  An ufetubus (IceCv)
  A leopard gecko (D:10)
  26 orcs
  A giant cockroach (Depths:1)
  A jackal (D:6)
  5 kobolds (D:12)
  7 fungi
  10 plants
  A starspawn tentacle (Abyss:2)
  4 withered plants (Crypt:3)
900 creatures vanquished.

Vanquished Creatures (others)
  A caustic shrike zombie (Depths:3)
  5 ghouls
  A spectral rakshasa (Crypt:2)
  A stone giant (Vaults:5)
  6 vampire knights
  A storm dragon zombie (Vaults:2)
  A quicksilver dragon zombie (Depths:3)
  A titan zombie (Depths:2)
  A deep elf knight (Vaults:3)
  2 entropy weaver zombies (Spider:4)
  6 very ugly thing zombies
  6 skeletal warriors
  7 flayed ghosts
  4 phantasmal warriors
  3 wolf spider zombies
  3 ugly thing zombies
  3 stone giant zombies
  3 fire giant zombies
  A vault sentinel (Vaults:2)
  4 spriggan zombies (Depths:3)
  8 death scarab zombies (Tomb:1)
  A death yak zombie (Lair:6)
  2 swamp worm zombies
  18 redback zombies
  2 iron troll zombies
  4 hydra zombies
  5 ghoul skeletons
  A jumping spider (Spider:3)
  4 demonic crawler zombies
  A wind drake (WizLab)
  2 alligator zombies (Swamp:4)
  2 fire dragon zombies
  7 jumping spider zombies
  A guardian serpent zombie (Abyss:2)
  2 elf zombies
  2 ice dragon zombies
  21 flying skulls
  9 tarantella zombies
  A water elemental (Elf:3)
  11 vampires
  2 wraiths (D:13)
  A tyrant leech zombie (Swamp:4)
  4 wind drake zombies (WizLab)
  5 two-headed ogre zombies
  10 deep troll zombies
  4 orb spider zombies
  3 spiny frog zombies (Lair:6)
  6 hornet zombies
  A swamp dragon zombie (Swamp:4)
  A swamp drake (Swamp:4)
  A dream sheep zombie (D:10)
  4 blink frog zombies
  A rime drake zombie (Lair:6)
  3 yaktaur zombies
  4 vampire mosquito zombies (Swamp:2)
  4 cyclops zombies
  A wyvern zombie (D:14)
  2 water moccasin zombies (Lair:6)
  2 raiju zombies (Abyss:2)
  An orc simulacrum (Vaults:2)
  2 yak zombies (D:10)
  A troll zombie (D:13)
  2 tengu zombies
  A wight (D:7)
  2 wolf zombies (Lair:3)
  A jelly (D:10)
  8 centaur zombies
  A bullfrog zombie (D:15)
  2 big kobold zombies
  An orc wizard (D:10)
  A basilisk zombie (Lair:6)
  2 bog body skeletons
  A porcupine zombie (Lair:3)
  2 killer bee zombies (D:11)
  9 ogre zombies
  13 human zombies
  A necrophage skeleton (Crypt:2)
  A mummy (D:10)
  A howler monkey zombie (D:13)
  3 hell rat zombies (Lair:6)
  6 swamp drake zombies
  A steam dragon zombie (D:11)
  A worm zombie (D:3)
  An adder zombie (D:7)
  An electric eel zombie (Spider:4)
  2 iguana zombies (Lair:6)
  An adder skeleton (D:11)
  An orc skeleton (D:15)
  An orc (Vaults:5)
  A giant cockroach zombie (D:7)
  2 jackal zombies (D:5)
  14 orc zombies
  3 river rat zombies (Lair:6)
  4 bushes (D:15)
  2 fungi
  10 plants
  13 starspawn tentacles (Abyss:2)
  A withered plant (Crypt:3)
344 creatures vanquished.

Grand Total: 2761 creatures vanquished

Notes
Turn   | Place    | Note
-------+----------+-------------------------------------------
     0 | D:1      | 4thArraOfDagon the Mummy Enchanter began the quest for the Orb.
     0 | D:1      | Reached XP level 1. HP: 13/13 MP: 4/4
     0 | D:1      | lets win this
    17 | D:1      | and tstart the dreak
    78 | D:1      | Reached skill level 1 in Short Blades
   263 | D:1      | Reached XP level 2. HP: 10/19 MP: 3/5
   319 | D:1      | Learned a level 2 spell: Ensorcelled Hibernation
   969 | D:2      | Found a basalt altar of Yredelemnul.
   975 | D:2      | Found a shadowy altar of Dithmenos.
   987 | D:2      | Became a worshipper of Yredelemnul the Dark
  1021 | D:2      | Reached XP level 3. HP: 24/24 MP: 7/7
  1031 | D:2      | Learned a level 3 spell: Confuse
  1126 | D:2      | Found a snail-covered altar of Cheibriados.
  1153 | D:2      | Found a glowing silver altar of Zin.
  1511 | D:3      | Reached XP level 4. HP: 27/30 MP: 8/8
  1520 | D:3      | Noticed an orc warrior
  1523 | D:3      | Reached * piety under Yredelemnul
  1755 | D:3      | Found a deep blue altar of Sif Muna.
  2198 | D:3      | Noticed Sigmund
  2283 | D:4      | Reached XP level 5. HP: 33/36 MP: 6/9
  2457 | D:4      | Found a bloodstained altar of Trog.
  2459 | D:4      | Reached skill level 1 in Fighting
  2511 | D:4      | Reached skill level 1 in Invocations
  2520 | D:4      | Found a staircase to the Ecumenical Temple.
  2542 | D:4      | Reached skill level 1 in Armour
  2715 | D:4      | Found Oneideky's Distillery.
  2865 | D:5      | Entered Level 5 of the Dungeon
  2897 | D:5      | Reached ** piety under Yredelemnul
  2898 | D:5      | Noticed a phantom
  2937 | D:5      | Killed a phantom
  2937 | D:5      | Reached XP level 6. HP: 37/44 MP: 5/10
  2953 | D:5      | Learned a level 3 spell: Tukima's Dance
  3269 | D:5      | Found a runed door.
  3273 | D:5      | Noticed Crazy Yiuf
  3293 | D:5      | Killed Crazy Yiuf
  3451 | D:5      | Reached XP level 7. HP: 37/51 MP: 11/11
  3685 | D:5      | Reached *** piety under Yredelemnul
  4765 | D:7      | Found a hazy altar of Hepliaklqana.
  4806 | D:7      | Noticed Duvessa
  4810 | D:7      | Noticed Dowan
  4837 | D:7      | Killed Dowan
  4864 | D:7      | Killed Duvessa
  4864 | D:7      | Reached XP level 8. HP: 21/60 MP: 2/12
  4989 | D:7      | Noticed Pikel
  5149 | D:6      | Found a radiant altar of Vehumet.
  5463 | D:7      | Reached **** piety under Yredelemnul
  5546 | D:7      | Noticed Prince Ribbit
  5813 | D:7      | Killed Pikel
  5813 | D:7      | Reached skill level 5 in Fighting
  5856 | D:7      | Your ally Pikel died
  5869 | D:7      | Reached XP level 9. HP: 59/68 MP: 4/13
  5987 | D:7      | Received a gift from Yredelemnul (a wight)
  6191 | D:8      | Noticed Grum
  6207 | D:7      | Reached skill level 5 in Invocations
  6230 | D:7      | Killed Grum
  6230 | D:7      | Reached skill level 5 in Dodging
  6363 | D:8      | Found a stormy altar of Qazlal.
  6504 | D:8      | Received a gift from Yredelemnul (3 flying skulls)
  6512 | D:8      | Found a sparkling altar of Nemelex Xobeh.
  6601 | D:8      | Noticed a two-headed ogre
  6614 | D:8      | Killed a two-headed ogre
  6614 | D:8      | Reached skill level 5 in Armour
  6719 | D:8      | Noticed a two-headed ogre
  6732 | D:8      | Killed a two-headed ogre
  7067 | D:10     | Entered Level 10 of the Dungeon
  7067 | D:10     | Noticed Snorg
  7249 | D:9      | Found an ornate altar of the Wu Jian Council.
  7351 | D:9      | Reached XP level 10. HP: 65/79 MP: 9/14
  7467 | D:9      | Reached skill level 1 in Long Blades
  7504 | D:9      | Received a gift from Yredelemnul (a mummy)
  7733 | D:10     | Noticed a cyclops
  7741 | D:10     | Found a staircase to the Orcish Mines.
  7817 | D:10     | Reached skill level 1 in Evocations
  7818 | D:10     | Received a gift from Yredelemnul (4 flying skulls)
  7902 | D:10     | Killed a cyclops
  7949 | D:10     | Noticed a two-headed ogre
  7976 | D:10     | Killed a two-headed ogre
  8102 | D:10     | Noticed a death yak
  8146 | D:10     | Found a staircase to the Lair.
  8189 | D:10     | Killed a death yak
  8190 | D:10     | Received a gift from Yredelemnul (a vampire)
  8339 | D:10     | Killed Snorg
  8394 | D:10     | Reached XP level 11. HP: 46/84 MP: 16/16
  8401 | D:10     | Noticed a two-headed hydra
  8415 | D:10     | Killed a one-headed hydra
  8663 | D:11     | Found an opulent altar of Gozag.
  8834 | D:11     | Reached ***** piety under Yredelemnul
  8859 | D:11     | Noticed a purple ugly thing
  8873 | D:11     | Killed a purple ugly thing
  8873 | D:11     | Reached skill level 5 in Long Blades
  9026 | D:11     | Noticed Urug
  9128 | D:10     | Noticed a death yak
  9137 | D:10     | Noticed a death yak
  9147 | D:10     | Killed a death yak
  9429 | D:10     | Killed a death yak
  9757 | D:12     | Received a gift from Yredelemnul (a wraith)
  9860 | D:12     | Noticed a two-headed ogre
  9869 | D:12     | Killed a two-headed ogre
  9910 | D:12     | Received a gift from Yredelemnul (5 flying skulls)
 10037 | D:12     | Reached skill level 10 in Armour
 10095 | D:12     | Noticed a two-headed ogre
 10100 | D:12     | Killed a two-headed ogre
 10134 | D:12     | Noticed a six-headed hydra
 10141 | D:12     | Killed a three-headed hydra
 10225 | D:12     | Received a gift from Yredelemnul (a wraith)
 10271 | D:13     | Noticed a deep elf mage
 10295 | D:13     | Killed a deep elf mage
 10349 | D:13     | Noticed Rupert
 10365 | D:13     | Killed Rupert
 10365 | D:13     | Reached XP level 12. HP: 91/91 MP: 16/18
 10539 | D:13     | Noticed a two-headed ogre
 10544 | D:13     | Killed a two-headed ogre
 10614 | D:13     | Noticed a vault guard
 10614 | D:13     | Noticed a vault guard
 10615 | D:13     | Noticed a centaur warrior
 10617 | D:13     | Noticed a vault guard
 10622 | D:13     | Killed a vault guard
 10627 | D:13     | Killed a centaur warrior
 10644 | D:13     | Killed a vault guard
 10646 | D:13     | Received a gift from Yredelemnul (4 flying skulls)
 10660 | D:13     | Killed a vault guard
 10671 | D:13     | Noticed a vault guard
 10679 | D:13     | Killed a vault guard
 10679 | D:13     | Reached skill level 1 in Axes
 10686 | D:13     | Noticed a vault guard
 10699 | D:13     | Killed a vault guard
 10699 | D:13     | Reached skill level 2 in Axes
 10728 | D:13     | Noticed a vault guard
 10755 | D:13     | Killed a vault guard
 10770 | D:13     | Noticed a vault guard
 10791 | D:13     | Killed a vault guard
 10791 | D:13     | Reached skill level 3 in Axes
 10800 | D:13     | Found a gate to the Vaults.
 10927 | D:14     | Noticed a seven-headed hydra
 10952 | D:14     | Killed a four-headed hydra
 10952 | D:14     | Reached skill level 4 in Axes
 11081 | D:14     | Received a gift from Yredelemnul (5 flying skulls)
 11177 | D:14     | Reached skill level 5 in Axes
 11278 | D:14     | Noticed Agnes
 11307 | D:14     | Killed Agnes
 11307 | D:14     | Reached skill level 6 in Axes
 11545 | D:15     | Entered Level 15 of the Dungeon
 11820 | D:14     | Gained mutation: You are in touch with the powers of death. [Mummy growth]
 11820 | D:14     | Reached XP level 13. HP: 41/96 MP: 19/19
 11884 | D:15     | Reached skill level 7 in Axes
 11946 | D:15     | Received a gift from Yredelemnul (a flayed ghost)
 11973 | D:15     | Found a staircase to the Depths.
 11981 | D:15     | Noticed a fire giant
 12178 | Orc:1    | Entered Level 1 of the Orcish Mines
 12344 | D:10     | Reached skill level 8 in Axes
 12399 | Orc:1    | Received a gift from Yredelemnul (a skeletal warrior)
 12529 | Orc:2    | Entered Level 2 of the Orcish Mines
 12598 | Orc:2    | Received a gift from Yredelemnul (a flayed ghost)
 12734 | Orc:2    | Reached skill level 9 in Axes
 12862 | Orc:2    | Found Opuysiaf's Book Emporium.
 12911 | Orc:2    | Received a gift from Yredelemnul (a flayed ghost)
 12918 | Orc:2    | Found a staircase to the Elven Halls.
 12981 | Orc:1    | Received a gift from Yredelemnul (a ghoul)
 13008 | Orc:1    | Received a gift from Yredelemnul (a vampire knight)
 13227 | Orc:1    | Reached ****** piety under Yredelemnul
 13321 | Orc:1    | Reached skill level 10 in Axes
 13354 | Orc:1    | Got a translucent hat
 13365 | Orc:1    | Identified the +0 hat "Uddymig" {rF+} (You found it on level 1 of the Orcish Mines)
 13566 | Orc:2    | Received a gift from Yredelemnul (a flayed ghost)
 13577 | Orc:2    | Reached skill level 11 in Axes
 13613 | Orc:2    | Received a gift from Yredelemnul (a flayed ghost)
 13623 | Orc:2    | Reached XP level 14. HP: 94/103 MP: 16/20
 13641 | Orc:2    | Received a gift from Yredelemnul (a vampire knight)
 13646 | Orc:2    | Found Uturu's Antique Weapon Shop.
 13646 | Orc:2    | Found Zorim's Gadget Emporium.
 13647 | Orc:2    | Found Foles's Distillery.
 13647 | Orc:2    | Found Tyoskeh's Food Boutique.
 13698 | Orc:2    | Bought a dazzling scimitar for 306 gold pieces
 13698 | Orc:2    | Identified the +6 scimitar of a treasure trove {venom, +Blink rF+ rC+ Dex+2} (You bought it in a shop on level 2 of the Orcish Mines)
 13829 | Lair:1   | Entered Level 1 of the Lair of Beasts
 13863 | Lair:1   | Found a labyrinth entrance.
 13877 | Lair:1   | Reached skill level 12 in Axes
 13888 | Lab      | Entered a labyrinth
 14073 | Lab      | Got a jewelled long sword {slice}
 14091 | Lab      | Identified the +8 long sword "Wefofuili" {slice, +Rage +Inv rF- MR+++} (You took it off a minotaur in a labyrinth)
 14439 | Lair:2   | Received a gift from Yredelemnul (a vampire)
 14471 | Lair:2   | Found a staircase to the Swamp.
 14494 | Lair:2   | Found a transporter.
 14525 | Lair:2   | Found a transporter.
 14573 | Lair:2   | Got a polished hat
 14602 | Lair:2   | Identified the +0 hat "Nidoigh" {+Inv rElec} (You found it on level 2 of the Lair of Beasts)
 14707 | Lair:2   | Received a gift from Yredelemnul (a skeletal warrior)
 14939 | Lair:3   | Found a hole to the Spider Nest.
 15020 | Lair:3   | Received a gift from Yredelemnul (a ghoul)
 15275 | Lair:3   | Reached skill level 13 in Axes
 15592 | Lair:4   | Received a gift from Yredelemnul (a profane servitor)
 15809 | Lair:5   | Found a radiant altar of Vehumet.
 16172 | Lair:6   | Entered Level 6 of the Lair of Beasts
 16209 | Lair:6   | Received a gift from Yredelemnul (a flayed ghost)
 16467 | Lair:6   | Reached skill level 14 in Axes
 16560 | Lair:6   | Received a gift from Yredelemnul (a profane servitor)
 16760 | Lair:6   | Found a runed door.
 16771 | Lair:6   | Found a viscous altar of Jiyva.
 16773 | Lair:6   | Found a staircase to the Slime Pits.
 16970 | Lair:6   | Reached XP level 15. HP: 73/108 MP: 19/21
 16970 | Lair:6   | Received a gift from Yredelemnul (a phantasmal warrior)
 17465 | Elf:1    | Entered Level 1 of the Elven Halls
 17508 | Elf:1    | Received a gift from Yredelemnul (a bone dragon)
 17747 | Elf:2    | Reached skill level 15 in Axes
 17752 | Elf:2    | Found a frozen archway.
 17760 | IceCv    | Entered an ice cave
 17852 | IceCv    | HP: 1/108 [something (9)]
 18048 | IceCv    | Received a gift from Yredelemnul (a vampire knight)
 18271 | IceCv    | Received a gift from Yredelemnul (a skeletal warrior)
 18438 | IceCv    | Noticed an Ice Fiend
 19010 | IceCv    | Killed an Ice Fiend
 19118 | IceCv    | Got a steaming lajatang
 19120 | IceCv    | Got an ichor-stained plate armour
 19122 | IceCv    | Got a twisted hat
 19138 | IceCv    | Identified the cursed -6 hat of the Sturgeon {rF- MR+ Dex+5} (You found it in an ice cave)
 19148 | IceCv    | Identified the +6 plate armour "Caloiweu" {Str+2 Int+4} (You found it in an ice cave)
 19148 | IceCv    | Identified the +3 lajatang "Logus" {freeze, rPois MP-9 Str+2 Int+4} (You found it in an ice cave)
 19180 | IceCv    | Identified a +0 pair of boots of running (You found it in an ice cave)
 19366 | Elf:2    | Found Yzoaw's Jewellery Emporium.
 19367 | Elf:2    | Found Osabbes's Gadget Boutique.
 19367 | Elf:2    | Found Ziffurud's Gadget Boutique.
 19375 | Elf:2    | Bought the ring "Sic Te Mufov" {*Corrode rElec rC+ Dex+5} for 702 gold pieces
 19445 | Elf:3    | Entered Level 3 of the Elven Halls
 19531 | Elf:3    | Noticed Nikola
 19556 | Elf:3    | Killed Nikola
 19609 | Elf:3    | Found Nulah's Distillery.
 19787 | Elf:3    | Found a sparkling altar of Nemelex Xobeh.
 19859 | Elf:3    | Found an ancient bone altar of Kikubaaqudgha.
 19905 | Elf:3    | Received a gift from Yredelemnul (a vampire)
 20322 | Elf:3    | Noticed a deep elf sorcerer
 20322 | Elf:3    | Cast into level 2 of the Abyss (a deep elf sorcerer)
 20419 | Abyss:2  | Reached skill level 16 in Axes
 20435 | Abyss:2  | Noticed a tentacled starspawn
 20448 | Abyss:2  | Noticed a tentacled starspawn
 20451 | Abyss:2  | Killed a tentacled starspawn
 20460 | Abyss:2  | Killed a tentacled starspawn
 20482 | Abyss:2  | Found a corrupted altar of Lugonu.
 20728 | Abyss:2  | Noticed a tentacled starspawn
 20739 | Abyss:2  | Killed a tentacled starspawn
 20741 | Elf:3    | Escaped the Abyss
 20746 | Elf:3    | Killed a deep elf sorcerer
 20759 | Elf:3    | Noticed a deep elf sorcerer
 20763 | Elf:3    | Cast into level 2 of the Abyss (a deep elf sorcerer)
 20788 | Abyss:2  | Noticed a bone dragon
 20802 | Abyss:2  | Found a corrupted altar of Lugonu.
 20947 | Abyss:2  | Reached XP level 16. HP: 81/115 MP: 22/22
 21010 | Abyss:2  | Noticed a tentacled starspawn
 21017 | Abyss:2  | Noticed a bone dragon
 21100 | Abyss:2  | Noticed a tentacled starspawn
 21113 | Abyss:2  | Killed a tentacled starspawn
 21280 | Elf:3    | Escaped the Abyss
 21287 | Elf:3    | Noticed a deep elf master archer
 21294 | Elf:3    | Noticed a deep elf blademaster
 21295 | Elf:3    | Noticed a deep elf master archer
 21298 | Elf:3    | Killed a deep elf master archer
 21300 | Elf:3    | Killed a deep elf blademaster
 21301 | Elf:3    | Received a gift from Yredelemnul (a flayed ghost)
 21305 | Elf:3    | Killed a deep elf master archer
 21347 | Elf:3    | Noticed an Executioner
 21375 | Elf:3    | Received a gift from Yredelemnul (a vampire knight)
 21381 | Elf:3    | Got a transparent war axe {speed}
 21384 | Elf:3    | Identified the +4 war axe of Fortitude {speed, *Contam rC+ Dex+5 SInv} (You took it off a deep elf mage on level 3 of the Elven Halls)
 21391 | Elf:3    | Got a polished falchion {protect}
 21451 | Elf:3    | Noticed a deep elf master archer
 21457 | Elf:3    | Killed a deep elf master archer
 21468 | Elf:3    | Noticed a deep elf blademaster
 21475 | Elf:3    | Killed a deep elf blademaster
 21484 | Elf:3    | Identified the cursed +1 falchion of Eneki {speed, *Corrode +Rage Dex+3 Stlth+} (You took it off a deep elf mage on level 3 of the Elven Halls)
 21497 | Elf:3    | Got a clouded pewter ring
 21544 | Elf:3    | Noticed a deep elf master archer
 21548 | Elf:3    | Killed a deep elf master archer
 21574 | Elf:3    | Identified the ring of the Mutiny {+Blink rElec MP+9 Int+3 Slay+2} (You took it off a deep elf archer on level 3 of the Elven Halls)
 21577 | Elf:3    | Identified the +6 falchion of Hatred {protect, rElec rN++ Dex-4 Stlth+} (You took it off a deep elf elementalist on level 3 of the Elven Halls)
 21596 | Elf:3    | Learned a level 2 spell: Blink
 21600 | Elf:3    | Learned a level 3 spell: Lesser Beckoning
 21605 | Elf:3    | Learned a level 4 spell: Passage of Golubria
 21606 | Elf:3    | Identified the cursed +0 plate armour "Qoza" {rN+ rCorr} (You found it on level 3 of the Elven Halls)
 21709 | Elf:3    | Identified the +7 long sword of World's End {drain, Dex+3} (You took it off a deep elf elementalist on level 3 of the Elven Halls)
 21712 | Elf:3    | Identified the +5 long sword "Daeterch" {slice, rN+ MR- Dex+4} (You took it off a deep elf archer on level 3 of the Elven Halls)
 21790 | Elf:2    | Reached skill level 17 in Axes
 21884 | Elf:2    | Found a runed gate.
 21885 | Elf:2    | Found a runed gate.
 21893 | Elf:2    | Found a runed gate.
 22200 | Elf:1    | Received a gift from Yredelemnul (a skeletal warrior)
 22654 | Swamp:1  | Entered Level 1 of the Swamp
 22704 | Swamp:1  | Noticed a thorn hunter
 22712 | Swamp:1  | Killed a thorn hunter
 23042 | Swamp:2  | Reached XP level 17. HP: 113/120 MP: 23/23
 23167 | Swamp:2  | Received a gift from Yredelemnul (a ghoul)
 23183 | Swamp:2  | Noticed Aizul
 23220 | Swamp:2  | Killed Aizul
 23694 | Swamp:3  | Received a gift from Yredelemnul (a flayed ghost)
 23848 | Swamp:4  | Entered Level 4 of the Swamp
 24046 | Swamp:4  | Identified a scroll of acquirement
 24088 | Swamp:4  | Received a gift from Yredelemnul (a skeletal warrior)
 24339 | Swamp:4  | Reached skill level 15 in Armour
 24432 | Swamp:4  | Got a decaying rune of Zot
 24598 | Swamp:1  | Received a gift from Yredelemnul (a ghoul)
 24689 | Spider:1 | Entered Level 1 of the Spider Nest
 25106 | Spider:1 | Found the +3 warlock's mirror {reflect}
 25255 | Spider:1 | Received a gift from Yredelemnul (a flayed ghost)
 25853 | Spider:3 | Received a gift from Yredelemnul (a vampire)
 25898 | Spider:3 | Upgraded the game from 0.21-a0-369-g397cdb2 to 0.21-a0-372-gd0ff781
 26149 | Spider:3 | Noticed Arachne
 26187 | Spider:3 | Killed Arachne
 26201 | Spider:4 | Entered Level 4 of the Spider Nest
 26201 | Spider:4 | Noticed Donald
 26221 | Spider:3 | Killed Donald
 26248 | Spider:3 | HP: 6/120 [emperor scorpion (18)]
 26248 | Spider:3 | HP: 2/120 [emperor scorpion (4)]
 26272 | Spider:3 | Reached XP level 18. HP: 19/127 MP: 24/24
 26444 | Spider:4 | Reached skill level 18 in Axes
 26478 | Spider:4 | Received a gift from Yredelemnul (a ghoul)
 27278 | Spider:4 | Received a gift from Yredelemnul (a flayed ghost)
 27339 | Spider:4 | Got a gossamer rune of Zot
 28025 | Depths:1 | Entered Level 1 of the Depths
 28251 | Depths:1 | Reached skill level 19 in Axes
 28273 | Depths:1 | Received a gift from Yredelemnul (a skeletal warrior)
 28377 | Depths:1 | Received a gift from Yredelemnul (a skeletal warrior)
 28555 | Depths:1 | Found a gateway to a ziggurat.
 28613 | Depths:1 | Found a runed gate.
 28613 | Depths:1 | Found a runed gate.
 28613 | Depths:1 | Found a runed gate.
 28751 | Depths:2 | Received a gift from Yredelemnul (a vampire)
 28805 | Depths:2 | Noticed arkorax's ghost (journeyman MiWr)
 29015 | Depths:1 | Identified the -6 pair of gloves "Geczoir" {rElec MR+ Str+2 Int+3} (You found it on level 1 of the Depths)
 29140 | Depths:2 | Reached XP level 19. HP: 121/132 MP: 25/25
 29207 | Depths:2 | Reached skill level 20 in Axes
 29621 | Depths:2 | Killed arkorax's ghost
 29678 | Depths:2 | Found a one-way gate to the infinite horrors of the Abyss.
 29730 | Depths:2 | Received a gift from Yredelemnul (a phantasmal warrior)
 29865 | Depths:2 | Found a gateway to Hell.
 30032 | Depths:4 | Noticed a juggernaut
 30151 | Depths:3 | Reached skill level 10 in Invocations
 30330 | Depths:3 | Received a gift from Yredelemnul (a skeletal warrior)
 30469 | Depths:3 | Received a gift from Yredelemnul (a vampire knight)
 30949 | Depths:3 | Received a gift from Yredelemnul (a ghoul)
 30975 | Depths:3 | Reached skill level 10 in Dodging
 31133 | Depths:3 | Noticed Xtahua
 31154 | Depths:3 | Killed Xtahua
 31180 | Depths:3 | Found a runed door.
 31194 | Depths:3 | Received a gift from Yredelemnul (a ghoul)
 31236 | Depths:3 | Noticed a caustic shrike
 31252 | Depths:3 | Killed a caustic shrike
 31286 | Depths:3 | Reached XP level 20. HP: 135/144 MP: 28/28
 31418 | Depths:3 | Received a gift from Yredelemnul (a vampire knight)
 31605 | Depths:3 | Found a one-way gate leading to the halls of Pandemonium.
 31605 | Depths:3 | Noticed a juggernaut
 31620 | Depths:3 | Noticed a golden dragon
 31638 | Depths:3 | Killed a golden dragon
 31652 | Depths:3 | Learned a level 2 spell: Passwall
 31699 | Depths:3 | Killed a juggernaut
 31704 | Depths:3 | Got a polished plate armour
 31834 | Depths:3 | Identified the +5 plate armour "Liraupn" {Slay+3} (You found it on level 3 of the Depths)
 31868 | Depths:4 | Received a gift from Yredelemnul (a vampire)
 31914 | Depths:4 | Killed a juggernaut
 31923 | Depths:4 | Received a gift from Yredelemnul (a ghoul)
 32260 | Depths:4 | Reached skill level 10 in Fighting
 32323 | Depths:5 | Entered Level 5 of the Depths
 32769 | Depths:5 | Noticed Jorgrun
 32784 | Depths:5 | Killed Jorgrun
 33100 | Vaults:1 | Entered Level 1 of the Vaults
 33170 | Vaults:1 | Received a gift from Yredelemnul (a ghoul)
 33594 | Vaults:1 | Reached XP level 21. HP: 154/154 MP: 30/30
 33927 | Vaults:1 | Received a gift from Yredelemnul (a phantasmal warrior)
 34122 | Vaults:2 | Noticed Bai Suzhen
 34184 | Vaults:2 | Noticed Mara
 34184 | Vaults:2 | Noticed Mara
 34184 | Vaults:2 | Noticed Mara
 34630 | Vaults:2 | Received a gift from Yredelemnul (a ghoul)
 34630 | Vaults:2 | Received a gift from Yredelemnul (a vampire knight)
 34856 | Vaults:2 | Received a gift from Yredelemnul (a ghoul)
 35095 | Vaults:2 | Learned a level 5 spell: Lee's Rapid Deconstruction
 35416 | Vaults:3 | Received a gift from Yredelemnul (a vampire)
 35569 | Vaults:2 | Reached XP level 22. HP: 165/165 MP: 33/33
 35620 | Vaults:2 | Killed Bai Suzhen
 35620 | Vaults:2 | Reached skill level 5 in Spellcasting
 35620 | Vaults:2 | Reached skill level 15 in Invocations
 35631 | Vaults:2 | Noticed 4thArraOfDagon's illusion
 35638 | Vaults:2 | Your ally Bai Suzhen died
 35791 | Vaults:3 | Received a gift from Yredelemnul (a phantasmal warrior)
 35992 | Vaults:3 | Found Otallor's Antique Armour Shoppe.
 36000 | Vaults:3 | Bought a crude helmet for 161 gold pieces
 36000 | Vaults:3 | Identified the +0 helmet "Bura" {rN+} (You bought it in a shop on level 3 of the Vaults)
 36571 | Vaults:4 | Reached skill level 1 in Transmutations
 36571 | Vaults:4 | Reached skill level 1 in Earth Magic
 36668 | Vaults:4 | Noticed Sojobo
 36707 | Vaults:4 | Killed Sojobo
 37050 | Vaults:5 | Entered Level 5 of the Vaults
 37088 | Vaults:5 | Received a gift from Yredelemnul (a phantasmal warrior)
 37251 | Vaults:5 | Noticed an ancient lich
 37268 | Vaults:5 | Killed an ancient lich
 37309 | Vaults:5 | Received a gift from Yredelemnul (a skeletal warrior)
 37334 | Vaults:5 | Reached skill level 1 in Translocations
 37384 | Vaults:5 | Received a gift from Yredelemnul (a ghoul)
 37442 | Vaults:5 | Reached XP level 23. HP: 173/173 MP: 36/36
 37486 | Vaults:5 | Reached skill level 5 in Earth Magic
 37516 | Vaults:5 | Reached skill level 10 in Spellcasting
 37751 | Vaults:5 | Received a gift from Yredelemnul (a vampire)
 37903 | Vaults:5 | Got a fine golden ring
 37977 | Vaults:5 | Got a crystal great mace
 37989 | Vaults:5 | Identified the +11 great mace of Death {crush, MR+ Str+3} (You found it on level 5 of the Vaults)
 37992 | Vaults:5 | Identified the ring "Beonwal" {*Corrode Int+2 SInv Stlth+} (You took it off a deep elf annihilator on level 5 of the Vaults)
 38453 | Vaults:5 | Reached skill level 5 in Translocations
 38467 | Vaults:5 | Got a silver rune of Zot
 38614 | Vaults:5 | Identified the cursed +1 ring mail "Fuitea" {rF- Regen+ Str+2 Dex+2} (You found it on level 5 of the Vaults)
 38785 | Vaults:2 | Noticed 4thArraOfDagon's illusion
 38785 | Vaults:2 | Killed Mara
 38785 | Vaults:2 | Enslaved Mara
 38963 | Vaults:2 | Found a staircase to the Crypt.
 38965 | Vaults:2 | Received a gift from Yredelemnul (a ghoul)
 38998 | Crypt:1  | Entered Level 1 of the Crypt
 39021 | Crypt:1  | Reached skill level 5 in Evocations
 39175 | Crypt:2  | Your ally Mara died
 39182 | Crypt:2  | Received a gift from Yredelemnul (a flayed ghost)
 39317 | Crypt:2  | Found a magical portal.
 39322 | WizLab   | Entered The Chambers of the Cloud Mage
 39439 | WizLab   | Received a gift from Yredelemnul (a vampire)
 39641 | WizLab   | Received a gift from Yredelemnul (a skeletal warrior)
 39707 | WizLab   | Identified the Grimoire of Lightness
 39711 | WizLab   | Learned a level 2 spell: Swiftness
 39713 | WizLab   | Identified Syleddol's Handbook of the Birds
 39846 | Crypt:2  | Received a gift from Yredelemnul (a phantasmal warrior)
 40041 | Crypt:1  | Noticed Jory
 40060 | Crypt:2  | Learned a level 4 spell: Control Undead
 40106 | Crypt:2  | HP: 4/176 [something (19)]
 40112 | Crypt:3  | Entered Level 3 of the Crypt
 40239 | Crypt:3  | Received a gift from Yredelemnul (a skeletal warrior)
 40356 | Crypt:3  | Reached skill level 1 in Necromancy
 40631 | Crypt:3  | Reached XP level 24. HP: 155/182 MP: 39/39
 40632 | Crypt:3  | Received a gift from Yredelemnul (a skeletal warrior)
 40789 | Crypt:3  | Received a gift from Yredelemnul (a ghoul)
 40876 | Crypt:3  | Found the +8 demon blade "Bloodbane" {slice, *Rage +Rage Stlth-}
 41047 | Crypt:3  | Found an ancient bone altar of Kikubaaqudgha.
 41063 | Crypt:3  | Noticed an ancient lich
 41080 | Crypt:3  | Killed an ancient lich
 41080 | Crypt:3  | Reached skill level 10 in Earth Magic
 41092 | Crypt:3  | Identified the ring of Ume Luaw {rN+ Slay+3 Stlth+} (You found it on level 3 of the Crypt)
 41107 | Crypt:3  | Identified the Disquisition on Calling
 41355 | Crypt:3  | Received a gift from Yredelemnul (a vampire)
 41480 | Crypt:3  | Found a staircase to the Tomb.
 41510 | Tomb:1   | Entered Level 1 of the Tomb of the Ancients
 41530 | Tomb:1   | Noticed 4thArraOfDagon's ghost (veteran GnMo)
 41675 | Tomb:1   | Killed 4thArraOfDagon's ghost
 41763 | Tomb:1   | Received a gift from Yredelemnul (a skeletal warrior)
 41994 | Tomb:1   | Received a gift from Yredelemnul (a vampire)
 42149 | Tomb:1   | Noticed a greater mummy
 42160 | Tomb:1   | Killed a greater mummy
 42590 | Tomb:1   | Noticed a greater mummy
 42642 | Tomb:1   | Killed a greater mummy
 42644 | Tomb:1   | Noticed a greater mummy
 42660 | Tomb:1   | HP: 4/182 [greater mummy (17)]
 42664 | Tomb:1   | Slain by an emperor scorpion

Vault maps used:
D:1:      dpeg_arrival_central
D:2:      cheibriados_altar_1, lemuel_doored_altar, minitemple,
          hangedman_abyss_or_decor_lesser_grid, minmay_misc_feat_four_crosses
D:3:      led_sif_book, uniq_sigmund
D:4:      minmay_temple_entry_butterflies, serial_shops, shop, first_bread,
          kennysheep_pointless_box, trog_hazing_becter
D:5:      lemuel_ratsnest, uniq_crazy_yiuf_cottage
D:6:      vehumet_altar_wand_db
D:7:      nicolae_overflow_crystal_walls, uniq_pikel, uniq_duvessa,
          uniq_prince_ribbit1
D:8:      kennysheep_little_box, old_standard_altar, uniq_grum
D:9:      basic_altar
D:10:     dpeg_lair_monsters, hangedman_ranch, lemuel_old_faithful, uniq_snorg
D:11:     basic_altar, uniq_urug
D:12:     abandoned_shop
D:13:     erik_vaults_2, uniq_rupert
D:14:     kennysheep_minor_cross, minmay_strange_pillars, uniq_agnes
D:15:     grunt_enter_depths_giant_problem, serial_park_gazebo,
          minmay_liquid_box
Lair:1:   lab_entry_generic, infiniplex_staircase_pool
Lair:2:   gammafunk_cloud_chamber, swamp_mist
Lair:3:   dummy_spider_entry
Lair:4:   serial_bayou_shore_a
Lair:5:   basic_altar, infiniplex_staircase_pool_2, lemuel_fruit_tree
Lair:6:   hangedman_lair_in_review, guppyfry_lair_end_dragon, slime_altar_2,
          kennysheep_rathole, minmay_lair_oklob_chamber
Swamp:1:  hangedman_swamp_blocks
Swamp:2:  hangedman_swamp_pad, uniq_aizul
Swamp:3:  evilmike_swamp_ruin_house_6, swamp_pool1
Swamp:4:  swamp_basic_johnstein
Spider:1: spider_trap
Spider:3: uniq_arachne
Spider:4: spider_rune_water, uniq_donald
Orc:1:    lemuel_ogre_cave
Orc:2:    st_orc_ogre_mass, serial_shops, shop_coins
Elf:1:    minivault_28
Elf:2:    portal_ice_cave_entry_pillars_1, grunt_ministairs_5, st_stairs_10,
          minmay_shop_grove, lemuel_elevator
Elf:3:    minmay_elf_hall_furrowed, basic_altar, serial_shops, shop,
          minivault_14, nemelex_altar_shiori, uniq_nikola
Vaults:1: ontoclasm_vaults_loading_screen, hangedman_vaults_slither,
          ontoclasm_vaults_decontamination, hangedman_vaults_variations,
          st_lattice, serial_ice_m, v_pattern_5, v_misc_23,
          vaults_mumra_hexcomb, v_misc_3
Vaults:2: hangedman_vaults_restitches, minmay_crypt_entry_simple_walls,
          grunt_vaults_focal, vaults_room_door_ring, st_greater_box_5,
          v_pattern_3, vaults_room_corners, v_misc_5, v_misc_15,
          nicolae_vaults_rhombus_5, hangedman_vaults_stagger,
          hangedman_vaults_slice, vaults_dpeg_encased_lava,
          nicolae_vaults_diagonal_hallway_7, uniq_mara, uniq_bai_suzhen
Vaults:3: grunt_vaults_diagonal, nicolae_vaults_diagonal_hallway_9,
          vaults_dpeg_ring, v_misc_19, v_misc_16, st_eye, grunt_vaults_funnel,
          vaults_room_hallway, vaults_room_stairs_pillars,
          vaults_mumra_minichess, vaults_room_fours, hangedman_vaults_maws,
          v_misc_17, vaults_dpeg_cross, serial_shops,
          nicolae_shop_overgrown_old_shop
Vaults:4: v_misc_16, hangedman_vaults_trim, hangedman_vaults_cutoff, v_misc_22,
          v_misc_23, vaults_room_pool, nicolae_vaults_hallways_thing,
          ontoclasm_vaults_claustrophobia, vaults_room_grunt_arrival_ludios,
          nicolae_vaults_network_periphery, vaults_room_fours, v_misc_17,
          uniq_sojobo
Crypt:1:  uniq_jory
Crypt:2:  infiniplex_enter_wizlab_spiral
Crypt:3:  quadcrypt_mu
Tomb:1:   uniq_mennas
Depths:1: enter_ziggurat_a, hell_entry, pandoras_box_mu
Depths:2: hangedman_arch_fort, abyss_entry, grunt_pan_entry_zigzag,
          small_statue_intersection, hell_entry, hex_medium
Depths:3: box_level_dp, pan_entry, hell_entry, uniq_xtahua
Depths:4: minmay_ambush_box, abyss_entry_small_statue_room,
          pf_hell_entry_great_geh, minmay_large_rounded_square,
          infiniplex_staircase_9_rooms
Depths:5: grunt_zot_entry_funnels, serial_sigils_hangedman_quiver,
          hangedman_coc_ice_floe, uniq_jorgrun, uniq_margery, uniq_boris
Abyss:2:  hangedman_abyss_lost_library, hangedman_abyss_exit_choices
Lab:      labyrinth_mini_lab
IceCv:    ice_cave_caverns_02
WizLab:   wizlab_cloud

Skill      XL: |  1  2  3  4  5  6  7  8  9 10 11 12 13 14 15 16 17 18 19 20 21 22 23 24 |
---------------+-------------------------------------------------------------------------+-----
Short Blades   | 1 2 3 |  3.1
Hexes          | 3 |  3.6
Fighting       | 1 2 3 5 7 9 10 11 12 13 | 13.4
Invocations    | 1 2 3 4 6 7 8 9 11 13 14 15 | 15.2
Armour         | 1 2 3 4 5 7 10 11 12 16 17 18 | 18.0
Dodging        | 2 3 4 5 9 10 11 12 | 12.1
Long Blades    | 4 7 |  7.1
Evocations     | 3 4 6 |  6.2
Axes           | 6 11 14 16 17 19 20 | 20.0
Spellcasting   | 4 9 12 | 12.4
Transmutations | 4 |  4.0
Earth Magic    | 4 7 13 | 13.0
Translocations | 2 6 7 |  7.0
Necromancy     | 1 |  1.7
Stealth        | |  2.4

Action                   |  1- 3 |  4- 6 |  7- 9 | 10-12 | 13-15 | 16-18 | 19-21 | 22-24 || total
-------------------------+-------+-------+-------+-------+-------+-------+-------+-------++-------
Melee: Dagger            |   103 |   369 |   842 |   119 |       |       |       |       ||  1433
       Scimitar          |       |       |       |   624 |   525 |    93 |     2 |     4 ||  1248
       Battleaxe         |       |       |       |       |   671 |  1237 |  1578 |  1774 ||  5260
       Long sword        |       |       |       |       |    90 |   197 |    20 |    22 ||   329
       Great mace        |       |       |       |       |       |       |       |   150 ||   150
Throw: Throwing net      |       |       |     1 |       |       |       |       |       ||     1
 Cast: Corona            |     9 |       |     3 |     1 |     9 |       |       |       ||    22
       Ensorcelled Hiber |    16 |    30 |    62 |     3 |       |       |       |       ||   111
       Confuse           |       |     6 |    14 |    20 |     1 |       |       |       ||    41
       Lee's Rapid Decon |       |       |       |       |       |       |       |    34 ||    34
Invok: Animate Remains   |       |     6 |       |       |       |       |       |       ||     6
       Animate Dead      |       |       |    13 |    28 |    59 |    90 |    52 |    31 ||   273
       Recall Undead Sla |       |       |       |     6 |    13 |     6 |     4 |     4 ||    33
       Drain Life        |       |       |       |     1 |     7 |    12 |    10 |    17 ||    47
       Stop Recall       |       |       |       |       |     1 |     2 |     3 |     3 ||     9
       Enslave Soul      |       |       |       |       |       |       |       |     2 ||     2
Evoke: Wand              |       |     6 |    34 |    24 |    19 |    12 |     1 |     7 ||   103
       Lamp of fire      |       |       |       |     2 |     2 |       |       |     1 ||     5
       Sack of spiders   |       |       |       |       |     6 |       |       |       ||     6
       Lightning rod     |       |       |       |       |       |     4 |     3 |     2 ||     9
       Staff of energy   |       |       |       |       |       |       |       |    54 ||    54
  Use: Scroll            |     7 |     4 |     3 |     6 |    26 |    18 |     6 |    10 ||    80
 Stab: Sleeping          |    14 |    13 |    27 |     2 |     8 |       |       |       ||    64
       Confused          |       |     1 |     4 |     2 |     1 |     3 |       |       ||    11
       Distracted        |       |     1 |     3 |     5 |    12 |    31 |    20 |    17 ||    89
       Paralysed         |       |       |       |       |     1 |       |     2 |       ||     3
Armor: Robe              |    23 |    52 |       |       |       |       |       |       ||    75
       Ring mail         |       |    17 |   244 |   241 |       |       |       |       ||   502
       Troll leather arm |       |       |       |    73 |   335 |    11 |       |       ||   419
       Plate armour      |       |       |       |       |   230 |  1619 |  1108 |  1407 ||  4364
Dodge: Dodged            |    68 |   167 |   356 |   515 |   826 |   807 |   676 |   699 ||  4114
       Deflected         |       |       |       |     4 |    24 |    43 |    62 |    38 ||   171
       Rpst.: Scimitar   |       |       |       |   145 |    59 |     9 |       |       ||   213
       Long sword        |       |       |       |       |    15 |    18 |       |     3 ||    36

Table legend:
 A = Spawn XP
 B = Non-spawn XP
 C = Spawn XP percentage of total XP
 D = Spawn monster count
 E = Non-spawn monster count
 F = Spawn count percentage of total count
 G = Total turns spent on level
                    A         B        C        D         E        F      G
               +---------+---------+-------+---------+---------+-------+---------
         Total |   17488 | 1049162 |   1.6 |      36 |    2351 |   1.5 | 42664
               +---------+---------+-------+---------+---------+-------+---------
           D:1 |       0 |      34 |   0.0 |       0 |      20 |   0.0 |   924
           D:2 |       0 |      65 |   0.0 |       0 |      22 |   0.0 |   651
           D:3 |       0 |      40 |   0.0 |       0 |      18 |   0.0 |   535
           D:4 |       0 |     151 |   0.0 |       0 |      16 |   0.0 |   755
           D:5 |       0 |     682 |   0.0 |       0 |      55 |   0.0 |  1423
           D:6 |       0 |     557 |   0.0 |       0 |      14 |   0.0 |   776
           D:7 |       0 |    2113 |   0.0 |       0 |      36 |   0.0 |  1201
           D:8 |       0 |    1268 |   0.0 |       0 |      11 |   0.0 |   675
           D:9 |       0 |    1145 |   0.0 |       0 |      12 |   0.0 |   814
          D:10 |       0 |    9199 |   0.0 |       0 |      43 |   0.0 |  1681
          D:11 |       0 |    3091 |   0.0 |       0 |      40 |   0.0 |   660
          D:12 |       0 |    4028 |   0.0 |       0 |      38 |   0.0 |   610
          D:13 |       0 |    9945 |   0.0 |       0 |      32 |   0.0 |   744
          D:14 |       0 |    6467 |   0.0 |       0 |      24 |   0.0 |   885
          D:15 |       0 |   17703 |   0.0 |       0 |      36 |   0.0 |   858
        Lair:1 |       0 |    2192 |   0.0 |       0 |       8 |   0.0 |   343
        Lair:2 |       0 |    5681 |   0.0 |       0 |      28 |   0.0 |   582
        Lair:3 |       0 |    5299 |   0.0 |       0 |      22 |   0.0 |   512
        Lair:4 |       0 |    3509 |   0.0 |       0 |      17 |   0.0 |   450
        Lair:5 |       0 |    5234 |   0.0 |       0 |      26 |   0.0 |   498
        Lair:6 |       0 |   16784 |   0.0 |       0 |      79 |   0.0 |  1067
       Swamp:1 |       0 |    5299 |   0.0 |       0 |      22 |   0.0 |   363
       Swamp:2 |       0 |    8340 |   0.0 |       0 |      27 |   0.0 |   488
       Swamp:3 |       0 |    9401 |   0.0 |       0 |      33 |   0.0 |   483
       Swamp:4 |       0 |   25633 |   0.0 |       0 |      55 |   0.0 |   658
      Spider:1 |       0 |   12210 |   0.0 |       0 |      52 |   0.0 |   766
      Spider:2 |       0 |    7519 |   0.0 |       0 |      20 |   0.0 |   381
      Spider:3 |       0 |   16706 |   0.0 |       0 |      40 |   0.0 |   683
      Spider:4 |       0 |   23034 |   0.0 |       0 |      73 |   0.0 |   939
         Orc:1 |       0 |   10295 |   0.0 |       0 |      94 |   0.0 |   749
         Orc:2 |       0 |   15884 |   0.0 |       0 |      72 |   0.0 |   883
         Elf:1 |       0 |   17050 |   0.0 |       0 |      57 |   0.0 |   746
         Elf:2 |       0 |   13718 |   0.0 |       0 |      41 |   0.0 |   539
         Elf:3 |       0 |   38609 |   0.0 |       0 |      61 |   0.0 |  1349
      Vaults:1 |       0 |   57150 |   0.0 |       0 |      93 |   0.0 |  1052
      Vaults:2 |       0 |   94316 |   0.0 |       0 |     143 |   0.0 |  1599
      Vaults:3 |       0 |   35578 |   0.0 |       0 |      59 |   0.0 |   674
      Vaults:4 |       0 |   52104 |   0.0 |       0 |      64 |   0.0 |  1130
      Vaults:5 |       0 |  125012 |   0.0 |       0 |     110 |   0.0 |  1481
       Crypt:1 |       0 |    4003 |   0.0 |       0 |       6 |   0.0 |   118
       Crypt:2 |       0 |   28824 |   0.0 |       0 |      46 |   0.0 |   587
       Crypt:3 |       0 |   50862 |   0.0 |       0 |      80 |   0.0 |  1368
        Tomb:1 |       0 |   39872 |   0.0 |       0 |      64 |   0.0 |  1070
      Depths:1 |       0 |   43283 |   0.0 |       0 |      78 |   0.0 |   848
      Depths:2 |       0 |   34719 |   0.0 |       0 |      32 |   0.0 |  1025
      Depths:3 |       0 |   93677 |   0.0 |       0 |     131 |   0.0 |  1832
      Depths:4 |       0 |   35250 |   0.0 |       0 |      51 |   0.0 |   599
      Depths:5 |       0 |   26480 |   0.0 |       0 |      31 |   0.0 |   515
       Abyss:2 |   17488 |    3833 |  82.0 |      36 |      10 |  78.3 |   936
           Lab |       0 |    1032 |   0.0 |       0 |       1 |   0.0 |   223
         IceCv |       0 |    9565 |   0.0 |       0 |      58 |   0.0 |  1454
        WizLab |       0 |   14717 |   0.0 |       0 |      50 |   0.0 |   482
               +---------+---------+-------+---------+---------+-------+---------
